2758 views
Uploaded 2019-12-15 22:56:53
Game version 1.32.0.4
6:10 long 1on1 ladder game on (2)EchoIsles
Saved by BEARAND
2758 views
Uploaded 2019-12-15 22:56:53
Game version 1.32.0.4
6:10 long 1on1 ladder game on (2)EchoIsles

/ 0.2k
9 buildings @ 1.5k
/ 0.3k

| Peon | 8 | 600 | / | 0 |
| Troll Headhunter | 10 | 1400 | / | 200 |
| total: | 18 | 2000g | / | 200w |
| War Mill | 1 | 205 | / | 0 |
| Orc Burrow | 4 | 640 | / | 160 |
| Barracks | 1 | 180 | / | 50 |
| Altar of Storms | 1 | 180 | / | 50 |
| Voodoo Lounge | 2 | 260 | / | 60 |
| Stronghold | 2 | 630 | / | 380 |
| total: | 9 | 1465g | / | 320w |
| 0:03 | Peon |
| 0:08 | Peon |
| 0:14 | War Mill |
| 0:22 | Orc Burrow |
| 0:27 | Barracks |
| 0:36 | Peon |
| 0:46 | Peon |
| 0:56 | Peon |
| 1:03 | Peon |
| 1:20 | Peon |
| 1:27 | Altar of Storms |
| 1:35 | Troll Headhunter |
| 1:49 | Troll Headhunter |
| 2:03 | Troll Headhunter |
| 2:23 | Orc Burrow |
| 2:34 | Orc Burrow |
| 2:37 | Orc Burrow |
| 2:39 | Steel Armor |
| 3:14 | Troll Headhunter |
| 3:16 | Troll Headhunter |
| 3:29 | Voodoo Lounge |
| 3:33 | Voodoo Lounge |
| 3:40 | Troll Headhunter |
| 3:43 | Endurance Aura |
| 3:48 | Steel Ranged Weapons |
| 4:05 | Troll Headhunter |
| 4:14 | Troll Headhunter |
| 4:23 | Peon |
| 4:40 | Troll Headhunter |
| 4:59 | Stronghold |
| 5:13 | Troll Headhunter |
| 5:52 | War Stomp |
| Right click | 158 |
| Select | 102 |
| Select group | 43 |
| Build/train/purchase | 31 |
| Assign group | 12 |
| Misc. action | 4 |
| Use ability | 2 |
| Esc | 2 |
10 units @ 0.8k
/ 0k
16 buildings @ 2.1k
/ 1k

| Healing Salve | 2 | 200 |
| Lesser Clarity Potion | 1 | 70 |
| total: | 3 | 270g |
| Peon | 10 | 750 | / | 0 |
| total: | 10 | 750g | / | 0w |
| Watch Tower | 10 | 1100 | / | 800 |
| Altar of Storms | 1 | 180 | / | 50 |
| Orc Burrow | 3 | 480 | / | 120 |
| Voodoo Lounge | 1 | 130 | / | 30 |
| War Mill | 1 | 205 | / | 0 |
| Stronghold | 1 | 315 | / | 190 |
| total: | 16 | 2095g | / | 1000w |
| 0:01 | Peon |
| 0:02 | Peon |
| 0:06 | Altar of Storms |
| 0:13 | Peon |
| 0:18 | Orc Burrow |
| 0:34 | Peon |
| 0:48 | Peon |
| 0:55 | Peon |
| 1:05 | Voodoo Lounge |
| 1:19 | War Mill |
| 1:23 | Peon |
| 1:30 | Peon |
| 1:47 | Peon |
| 1:59 | Peon |
| 2:11 | Healing Salve |
| 2:11 | Lesser Clarity Potion |
| 2:13 | Wind Walk |
| 2:40 | Watch Tower |
| 2:40 | Watch Tower |
| 3:05 | Stronghold |
| 3:29 | Watch Tower |
| 3:30 | Watch Tower |
| 3:32 | Orc Burrow |
| 4:02 | Watch Tower |
| 4:04 | Watch Tower |
| 4:35 | Orc Burrow |
| 4:37 | Healing Salve |
| 4:48 | Watch Tower |
| 5:30 | Critical Strike |
| 6:06 | Watch Tower |
| 6:07 | Watch Tower |
| 6:07 | Watch Tower |
| Right click | 364 |
| Select | 127 |
| Build/train/purchase | 26 |
| Use ability | 6 |
| Assign group | 4 |
| Select group | 2 |
| Misc. action | 1 |